 Dungeon Crawl Stone Soup version 0.15.2 (webtiles) character file.

100387 magipi the Severer (level 15, 0/138 HPs)
             Began as a Deep Dwarf Gladiator on Apr 12, 2016.
             Was the Champion of Makhleb.
             Slain by a guardian serpent (16 damage)
             ... on Level 3 of the Snake Pit.
             The game lasted 03:30:13 (21988 turns).

magipi the Severer (Deep Dwarf Gladiator)          Turns: 21988, Time: 03:30:13

HP   0/138       AC 15     Str 19      XL: 15   Next: 80%
MP   8/10        EV 18     Int 12      God: Makhleb [******]
Gold 3552        SH  0     Dex 16      Spells:  2 memorised, 14 levels left

rFire  . . .     SeeInvis .     a - +3 battleaxe (elec)
rCold  + + .     Clarity  .     S - +3 leather armour {rC+}
rNeg   + . .     rCorr    .     (no shield)
rPois  +         rRot     .     g - +1 helmet
rElec  .         Spirit   .     (no cloak)
SustAb .         Warding  .     H - +1 pair of gloves
rMut   .         Stasis   .     Z - +2 pair of boots
Gourm  +                        B - amulet of the gourmand
MR     ++...                    p - ring of poison resistance
                                c - ring of protection from cold

@: very slightly contaminated, non-regenerating, slowed, constricted, very slow,
very resistant to hostile enchantments, very unstealthy
A: damage resistance, recharge devices, negative energy resistance 1, sense
surroundings 2, slow healing 3
a: Device Recharging, Minor Destruction, Lesser Servant of Makhleb, Major
Destruction, Greater Servant of Makhleb, Renounce Religion


You were on level 3 of the Snake Pit.
You worshipped Makhleb.
Makhleb was exalted by your worship.
You were not hungry.

You visited 5 branches of the dungeon, and saw 31 of its levels.
You also visited: Trove, Ossuary and Ice Cave.

You collected 4245 gold pieces.
You spent 693 gold pieces at shops.

Inventory:

Hand weapons
 a - a +3 battleaxe of electrocution (weapon)
 b - a +0 blowgun
 E - the +9 war axe of Prescription {drain, rC+}
   (You bought it in a shop on level 4 of the Orcish Mines)

   A truly terrible weapon, it drains the life of those it strikes.
   It protects you from cold.
 J - a +1 executioner's axe
Missiles
 d - 2 throwing nets
 r - 47 poisoned needles
 s - 2 steel javelins
 v - a tomahawk of dispersal
 w - 9 javelins (quivered)
 Q - 8 curare-tipped needles
Armour
 g - a +1 helmet (worn)
 j - a +2 ring mail of positive energy
 H - a +1 pair of gloves (worn)
 K - a +1 leather armour of magic resistance
 S - a +3 leather armour of cold resistance (worn)
 Z - a +2 pair of boots (worn)
Magical devices
 e - a wand of heal wounds (3)
 k - a wand of lightning (3)
 m - a wand of teleportation (5)
 u - a wand of enslavement (12)
 D - a wand of disintegration (12)
 I - a wand of invisibility (3)
 L - a wand of paralysis (11)
 M - a wand of digging (10)
 N - a wand of draining (0)
Comestibles
 h - 9 meat rations
 A - 8 bread rations
Scrolls
 x - 14 scrolls of remove curse
 y - 5 scrolls of blinking
 C - a scroll of identify
 G - 2 scrolls of fear
 U - 3 scrolls of teleportation
 W - a scroll of magic mapping
 X - a scroll of fog
Jewellery
 c - a ring of protection from cold (left hand)
 f - an uncursed ring of fire
 n - the ring of Contention {rN+ Str+2 Dex+2 Int+5}
   (You found it in a treasure trove)

   [ring of positive energy]

   It affects your strength (+2).
   It affects your intelligence (+5).
   It affects your dexterity (+2).
   It protects you from negative energy.
 p - a ring of poison resistance (right hand)
 t - an uncursed ring of teleportation
 B - an amulet of the gourmand (around neck)
 R - an uncursed ring of flight
Potions
 i - a potion of magic
 l - 6 potions of heal wounds
 o - 13 potions of curing
 z - 2 potions of cancellation
 F - 4 potions of restore abilities
 O - a potion of agility
 P - a potion of invisibility
 T - 3 potions of might
 V - a potion of haste
Rods
 q - a +0 rod of destruction (11/11)
   (You found it on level 6 of the Dungeon)
 Y - a cursed +6 rod of the swarm (10/10)
   (You found it on level 8 of the Lair of Beasts)


   Skills:
 - Level 10.2 Fighting
 - Level 18.7 Axes
 - Level 5.1 Throwing
 - Level 10.0 Armour
 - Level 9.7 Dodging
 - Level 2.0 Spellcasting
 + Level 4.1 Charms
 + Level 4.8 Translocations
 - Level 2.1 Air Magic
 - Level 11.4 Invocations
 - Level 12.4 Evocations


You had 14 spell levels left.
You knew the following spells:

 Your Spells              Type           Power        Failure   Level  Hunger
b - Blink                 Tloc           N/A          8%          2    ###....
m - Repel Missiles        Chrm/Air       #.....       12%         2    ###....


Dungeon Overview and Level Annotations

Branches:
Dungeon (15/15)            Temple (1/1) D:6             Orc (4/4) D:9
    Elf (0/3) Orc:3          Lair (8/8) D:10          Swamp (0/5) Lair:4
  Snake (3/5) Lair:4        Slime (0/6) Lair:7       Depths (0/5) D:15
 Vaults: D:13-14

Altars:
Ashenzari
Cheibriados
Dithmenos
Elyvilon
Fedhas
Kikubaaqudgha
Makhleb
Nemelex Xobeh
Qazlal
Sif Muna
Trog
Vehumet
Xom
Yredelemnul
Zin
The Shining One
Beogh
Jiyva

Shops:
D:14 (   Orc:2 (   Orc:4 !([*:

Annotations:
Orc:1 Maurice
Lair:2 exclusion: oklob plant
Snake:3 Saint Roka


Innate Abilities, Weirdness & Mutations

You are resistant to damage.
You can recharge devices by infusing magical energy.
You resist negative energy.
You passively map the area around you.
You do not heal naturally.

Vault maps used:
D:1:      dpeg_arrival_windows_large_door, hangedman_decor_growths
D:2:      uniq_iyjb
D:3:      wad_lake_hut
D:4:      first_bread
D:5:      okawaru_ov_weapons_minmay, hex_large, st_stairs_9
D:6:      kiku_gazebo_pond_becter, minmay_temple_entry_mist, grunt_ministairs_7
D:7:      grunt_temple_overflow_lords_of_destruction, enter_ossuary_5,
          uniq_sigmund
D:8:      kennysheep_little_box, uniq_pikel, uniq_blork_the_orc
D:9:      orc_0_dummy
D:10:     lair_0_dummy, serial_ice, serial_ice_n, serial_ice_f, serial_ice_l,
          serial_ice_g, hangedman_pestilent_swarm, uniq_fannar
D:11:     enter_trove_3, lemuel_statue_altar
D:14:     grunt_vaults_entry_fortified, minivault_11, serial_shops, shop,
          nemelex_diamond_rough_becter, uniq_kirke
D:15:     gammafunk_enter_depths_forms, minivault_25, st_stairs_4,
          minmay_misc_feat_four_crosses
Temple:   circular_temple_12
Orc:1:    uniq_maurice
Orc:2:    serial_shops, nicolae_shop_stone, uniq_snorg, uniq_erolcha
Orc:3:    basic_altar, nicolae_orc_pool_cavern
Orc:4:    serial_shops, nicolae_shop_temple_entry_statues_fountains,
          grunt_orc_cross
Lair:1:   fungi_pond_lemuel
Lair:2:   minmay_lair_oklob_bushes, grunt_megastairs_3, serial_bayou_shore_b,
          bh_autumn_forest_stairs
Lair:3:   beast_lair_carwin_9
Lair:4:   swamp_mist, guppyfry_snake_entry_garden, portal_ice_cave_entry_imps
Lair:6:   kennysheep_catoblepas_arena
Lair:7:   slime_altar_1
Lair:8:   evilmike_catoblepas_cave, kennysheep_basilisk_garden
Snake:1:  uniq_asterion, uniq_urug
Snake:3:  uniq_saint_roka
Trove:    trove_garden
Ossuary:  ossuary_minmay_scorpions
IceCv:    ice_cave_small_necro


Message History

You feel as though you will be slow longer.
The guardian serpent weaves intricate patterns with the tip of its tongue.
You barely miss the naga.
The guardian serpent weaves intricate patterns with the tip of its tongue.
The naga warrior blinks into view!
The naga hits you but does no damage. The naga completely misses you.
The naga warrior hits you with a spear!!
The naga warrior grabs you. The naga warrior constricts you.
You closely miss the naga warrior. You hit the naga but do no damage.
The naga hits you but does no damage. The naga warrior hits you with a spear!
The naga warrior constricts you. The naga warrior blocks your attack.
Your leather armour prevents you from hitting the naga.
The naga spits poison at you. The splash of poison hits you! You resist.
The naga warrior misses you. The naga warrior constricts you.
You closely miss the naga warrior. You hit the naga.
The naga is lightly wounded.
The guardian serpent casts a spell at you.
The bolt of poison misses you.
The bolt of poison hits the naga.
The naga spits poison at you. The splash of poison hits you! You resist.
The naga warrior spits poison at you. The splash of poison misses you.
The naga warrior constricts you.
You closely miss the naga warrior. You hit the naga.
The naga is almost dead.
The naga hits you with a dire flail. The naga warrior hits you with a spear!
The naga warrior constricts you.
Unknown command.
You slash the naga!
There is a sudden explosion of sparks!
You kill the naga!
Makhleb accepts your kill.
You hit the naga warrior but do no damage.
You closely miss the guardian serpent.
The guardian serpent closely misses you.
The naga warrior hits you with a spear!!
The naga warrior constricts you.
The guardian serpent closely misses you.
You slice the naga warrior!!
The naga warrior is moderately wounded.
You closely miss the guardian serpent. The guardian serpent hits you.
The naga warrior spits poison at you. The splash of poison misses you.
The naga warrior constricts you.
Unknown command.
You hit the guardian serpent but do no damage.
The naga warrior blocks your attack.
The naga warrior is moderately wounded.
The guardian serpent casts a spell at you.
You resist with almost no effort.
The naga warrior hits you but does no damage.
The naga warrior constricts you.
The guardian serpent hits you but does no damage.
You hit the guardian serpent but do no damage.
You hit the naga warrior.
The naga warrior is moderately wounded.
The guardian serpent hits you but does no damage.
The naga warrior hits you with a spear! The naga warrior constricts you.
The guardian serpent coils itself and waves its upper body at you.
The bolt of poison hits you! You resist.
You slash the naga warrior!
There is a sudden explosion of sparks!
The naga warrior is heavily wounded.
You slash the guardian serpent!
The guardian serpent is moderately wounded.
The guardian serpent closely misses you.
The naga warrior hits you but does no damage.
The naga warrior constricts you. The guardian serpent barely misses you.
You slash the naga warrior!
The naga warrior is heavily wounded.
You hit the guardian serpent.
The guardian serpent is moderately wounded.
The naga warrior hits you with a spear. The naga warrior constricts you.
The guardian serpent hits you! The naga warrior barely misses you.
The naga warrior constricts you.
You hit the naga warrior but do no damage.
There is a sudden explosion of sparks!
The naga warrior is severely wounded.
You barely miss the guardian serpent.
The guardian serpent is moderately wounded.
The guardian serpent hits you but does no damage.
The guardian serpent hits you!
The naga warrior hits you but does no damage.
The naga warrior constricts you.
You slash the guardian serpent!
There is a sudden explosion of sparks!
The guardian serpent is severely wounded.
You hit the naga warrior but do no damage.
There is a sudden explosion of sparks!
The naga warrior is severely wounded.
The guardian serpent hits you!
* * * LOW HITPOINT WARNING * * *
The guardian serpent hits you.
The naga warrior hits you with a spear!!
* * * LOW HITPOINT WARNING * * *
* * * LOW HITPOINT WARNING * * *
The naga warrior constricts you.
Casting: Repel Missiles
Confirm with . or Enter, or press ? or * to list all spells.
You miscast Blink.
You are very lightly contaminated with residual magic.
Nothing appears to happen.
The guardian serpent hits you!!
You die...

,, , * #........)........ *
**###### .............####. ,
###...., #.............# ........
..............##### , .........
......?............ ........#
........)......... N.......# *
#####...........##
.........##########............#
,..............S@)...............
................N...............
,,..#####........................
* ** #########################


You could see a naga warrior and a guardian serpent.

Table legend:
 A = Kills in this place as a percentage of kills in entire the game.
 B = Kills by you in this place as a percentage of kills by you in the entire game.
 C = Kills by friends in this place as a percentage of kills by friends in the entire game.
 D = Other kills in this place as a percentage of other kills in the entire game.
 E = Experience gained in this place as a percentage of experience gained in the entire game.
 F = Experience gained in this place divided by the number of levels of this place that you have seen.
                   A       B       C       D       E      F
               +-------+-------+-------+-------+-------+----------------------
         Total | 100.0 | 100.0 | 100.0 | 100.0 | 100.0 | 4218.0
       Dungeon |  41.1 |  43.2 |   7.0 |   0.0 |  31.4 | 3002.1
  Orcish Mines |  18.4 |  16.9 |  42.1 |   0.0 |   9.1 | 3257.8
          Lair |  31.8 |  30.6 |  50.9 |   0.0 |  42.4 | 7595.9
     Snake Pit |   5.3 |   5.5 |   0.0 | 100.0 |  16.6 | 7914.3
       Ossuary |   3.5 |   3.7 |   0.0 |   0.0 |   0.6 | 838.0
               +-------+-------+-------+-------+-------+----------------------

Vanquished Creatures
  An orc warlord (Orc:4)
  A green death (Orc:4)
  Fannar (D:10)
  A hydra (Lair:3)
  2 anacondas
  A rakshasa (D:15)
  3 naga sharpshooters
  8 death yaks (Lair:8)
  An orc high priest (Orc:4)
  Urug (Snake:1)
  A shock serpent (Snake:2)
  3 catoblepae (Lair:8)
  2 unseen horrors
  2 naga ritualists
  Pikel (D:8)
  6 hill giants
  18 ugly things
  2 salamanders
  A cyclops (D:11)
  3 orc knights (Orc:4)
  4 orc sorcerers
  6 mana vipers
  2 griffons
  17 elephants
  12 black mambas
  2 manticores
  3 gargoyles
  6 naga magi
  12 spiny frogs
  A kobold demonologist (D:14)
  An efreet (D:11)
  A yaktaur (shapeshifter) (D:15)
  5 komodo dragons
  4 trolls
  A fire drake (shapeshifter) (D:15)
  6 fire drakes
  3 polar bears (Lair:3)
  5 slime creatures (D:15)
  16 blink frogs
  2 two-headed ogres
  2 deep elf magi
  A centaur simulacrum (D:10)
  8 basilisks
  2 shadows (D:13)
  A wraith (D:13)
  A spriggan (shapeshifter) (D:15)
  57 yaks
  4 fire bats (Lair:3)
  5 wyverns
  8 hippogriffs
  A chaos spawn (Orc:3)
  A hungry ghost (D:12)
  A warg (Orc:4)
  14 nagas
  17 wolves
  A soldier ant (D:10)
  21 orc warriors
  15 water moccasins
  14 porcupines
  2 yellow wasps
  A black bear (D:8)
  4 ice beasts
  2 sky beasts
  9 ogres
  4 slaves (D:8)
  A phantom (D:6)
  4 boggarts (D:15)
  13 crocodiles
  2 boring beetles
  A necrophage (D:8)
  10 centaurs
  Sigmund (D:7)
  13 giant frogs
  A big kobold (D:8)
  A brain worm (D:13)
  Blork the orc (D:8)
  A cyclops zombie (D:14)
  A cyclops skeleton (D:12)
  An eye of draining (D:10)
  11 scorpions
  17 killer bees
  A troll skeleton (D:8)
  4 wights (D:15)
  2 goliath beetles
  5 crimson imps
  2 jellies
  A soldier ant zombie (D:8)
  2 centaur zombies
  10 hounds
  4 iguanas
  19 orc priests
  32 orc wizards
  An elf skeleton (D:12)
  2 human zombies (Ossuary)
  A shapeshifter simulacrum (D:15)
  9 worker ants
  7 sheep
  2 big kobold zombies (Ossuary)
  A sky beast zombie (D:6)
  Ijyb (D:2)
  4 mummies
  A worker ant zombie (D:10)
  23 adders
  9 gnolls
  63 green rats
  6 scorpion zombies (Ossuary)
  A shadow imp (D:10)
  12 white imps
  A giant mite (D:7)
  4 ufetubi
  A worm (D:2)
  An adder zombie (D:8)
  An orc simulacrum (D:10)
  6 orc zombies
  2 giant geckos
  123 orcs
  2 ball pythons
  12 bats
  19 goblins
  13 hobgoblins
  9 jackals
  17 kobolds
  10 giant cockroaches
  A giant gecko zombie (D:7)
  4 giant newts
  4 giant spores
  2 gnoll zombies (Ossuary)
  2 hobgoblin skeletons
  5 hobgoblin zombies (Ossuary)
  A jackal zombie (D:6)
  A kobold zombie (Ossuary)
  10 quokkas
  A quokka simulacrum (D:10)
  A quokka skeleton (D:4)
  11 rats
  4 ballistomycetes
  4 fungi
  A plant (Lair:4)
941 creatures vanquished.

Vanquished Creatures (collateral kills)
  A cacodemon (Lair:8)
  The ghost of Dangus the Bludgeoner, a powerful GrFi of Qazlal (Orc:4)
  Snorg (Orc:2)
  8 death yaks (Lair:8)
  Erolcha (Orc:2)
  A wizard (D:15)
  A griffon (D:15)
  An orc knight (D:15)
  2 black mambas
  A spiny frog (Lair:2)
  3 komodo dragons
  2 fire bats (Lair:3)
  5 yaks (Lair:8)
  A hippogriff (Lair:2)
  A wolf (Lair:2)
  4 orc warriors
  A giant frog (D:15)
  A hound (Lair:1)
  2 orc priests
  A sheep (Lair:8)
  3 green rats (Lair:2)
  A white imp (Lair:4)
  13 orcs
  2 goblins
58 creatures vanquished.

Vanquished Creatures (others)
  Asterion (Snake:1)
  A green death (D:15)
  A smoke demon (Lair:4)
  An orange demon (Lair:3)
  A hellwing (Lair:8)
  A neqoxec (Lair:2)
  A gnoll (D:8)
  6 ufetubi (Lair:2)
  3 fungi
16 creatures vanquished.

Grand Total: 1015 creatures vanquished

Notes
Turn   | Place    | Note
--------------------------------------------------------------
     0 | D:1      | magipi, the Deep Dwarf Gladiator, began the quest for the Orb.
     0 | D:1      | Reached XP level 1. HP: 19/19 MP: 1/1
   113 | D:1      | Reached XP level 2. HP: 15/26 MP: 2/2
   387 | D:1      | Reached skill level 4 in Axes
   726 | D:2      | Reached XP level 3. HP: 20/33 MP: 3/3
   735 | D:2      | Noticed Ijyb
  1045 | D:2      | Killed Ijyb
  1045 | D:2      | Reached XP level 4. HP: 23/40 MP: 4/4
  1127 | D:2      | Reached skill level 5 in Axes
  1350 | D:3      | Reached XP level 5. HP: 24/49 MP: 5/5
  1895 | D:4      | Noticed an ogre
  1932 | D:4      | Killed an ogre
  1932 | D:4      | Reached skill level 6 in Axes
  1932 | D:4      | Reached XP level 6. HP: 37/56 MP: 6/6
  2362 | D:5      | Entered Level 5 of the Dungeon
  2404 | D:5      | Reached skill level 7 in Axes
  2422 | D:5      | Reached XP level 7. HP: 27/62 MP: 7/7
  2724 | D:6      | Reached skill level 8 in Axes
  2749 | D:6      | Found a staircase to the Ecumenical Temple.
  2794 | Temple   | Entered the Ecumenical Temple
  3058 | D:6      | Reached skill level 9 in Axes
  3213 | D:6      | Reached XP level 8. HP: 34/69 MP: 6/6
  3252 | D:6      | Found an ancient bone altar of Kikubaaqudgha.
  3355 | D:6      | Reached skill level 10 in Axes
  3506 | D:7      | Noticed a hill giant
  3510 | D:7      | Noticed Sigmund
  3567 | D:7      | Killed a hill giant
  3567 | D:7      | Reached skill level 11 in Axes
  3615 | D:7      | Killed Sigmund
  3632 | D:7      | Reached skill level 12 in Axes
  3747 | D:7      | Gained mutation: You passively map the area around you. [level up]
  3747 | D:7      | Reached XP level 9. HP: 51/76 MP: 5/5
  4028 | D:7      | Found a sand-covered staircase.
  4032 | Ossuary  | Entered an ossuary
  4311 | Ossuary  | Reached skill level 13 in Axes
  4609 | D:7      | Found a burning altar of Makhleb.
  4610 | D:7      | Found a radiant altar of Vehumet.
  4629 | D:7      | Became a worshipper of Makhleb the Destroyer
  4750 | D:8      | Noticed Blork the orc
  4759 | D:8      | Killed Blork the orc
  4759 | D:8      | Reached skill level 14 in Axes
  5240 | D:8      | Acquired Makhleb's first power
  5269 | D:8      | Reached skill level 1 in Armour
  5336 | D:8      | Reached XP level 10. HP: 62/85 MP: 5/5
  5756 | D:8      | Found a blossoming altar of Fedhas.
  5864 | D:8      | Noticed Pikel
  5912 | D:8      | Killed Pikel
  5912 | D:8      | Acquired Makhleb's second power
  5912 | D:8      | Reached skill level 5 in Fighting
  6184 | D:9      | Found a staircase to the Orcish Mines.
  6492 | D:9      | Acquired Makhleb's third power
  6564 | D:9      | Reached skill level 5 in Armour
  6986 | D:10     | Entered Level 10 of the Dungeon
  7092 | D:10     | Noticed a hill giant
  7135 | D:10     | Killed a hill giant
  7386 | D:11     | Reached XP level 11. HP: 73/100 MP: 5/5
  7489 | D:11     | Found a portal to a secret trove of treasure.
  7512 | D:11     | Found a bloodstained altar of Trog.
  7562 | D:10     | Acquired Makhleb's fourth power
  7613 | D:10     | Reached skill level 1 in Invocations
  7613 | D:10     | Reached skill level 1 in Evocations
  7660 | D:10     | Noticed Fannar
  7745 | D:10     | Killed Fannar
  8211 | D:10     | Found a staircase to the Lair.
  8216 | Lair:1   | Entered Level 1 of the Lair of Beasts
  8415 | Lair:1   | Reached skill level 5 in Evocations
  8497 | Lair:1   | Reached skill level 5 in Invocations
  8810 | Lair:1   | Acquired Makhleb's fifth power
  9203 | Lair:2   | Reached XP level 12. HP: 100/109 MP: 16/16
  9272 | Lair:2   | Reached skill level 10 in Evocations
  9600 | Lair:3   | Reached skill level 10 in Invocations
  9654 | Lair:3   | Identified a +0 rod of destruction (11/11) (You found it on level 6 of the Dungeon)
 10130 | Lair:3   | Got a smoking chain mail
 10131 | Lair:3   | Identified the cursed +0 chain mail "Tameschu" {Str-3 Int-3} (You found it on level 3 of the Lair of Beasts)
 10308 | Lair:3   | Noticed a four-headed hydra
 10332 | Lair:4   | Found a staircase to the Swamp.
 10610 | Lair:4   | Found a frozen archway.
 10772 | IceCv    | Entered an ice cave
 11071 | Lair:5   | Reached skill level 15 in Axes
 11106 | Lair:5   | Noticed a seven-headed hydra
 11184 | Lair:4   | Found a staircase to the Snake Pit.
 11558 | Lair:5   | Reached XP level 13. HP: 83/115 MP: 18/18
 11827 | Lair:6   | Identified a scroll of acquirement
 12195 | Lair:6   | Got a blackened ring mail
 12196 | Lair:6   | Identified the cursed -5 ring mail of the Blessed Realm {+Inv} (You found it on level 6 of the Lair of Beasts)
 12259 | Lair:7   | Reached skill level 10 in Armour
 12593 | Lair:7   | Found a viscous altar of Jiyva.
 12593 | Lair:7   | Found a staircase to the Slime Pits.
 12726 | Lair:8   | Entered Level 8 of the Lair of Beasts
 12809 | Lair:8   | Reached skill level 16 in Axes
 13485 | Lair:8   | Gained mutation: You resist negative energy. [level up]
 13485 | Lair:8   | Reached XP level 14. HP: 97/129 MP: 19/19
 13537 | Lair:8   | Reached skill level 17 in Axes
 13626 | Lair:8   | Got a crude brass amulet
 13898 | Lair:5   | Reached skill level 10 in Fighting
 14209 | Lair:3   | Killed a four-headed hydra
 14406 | Orc:1    | Entered Level 1 of the Orcish Mines
 14551 | Orc:2    | Noticed Snorg
 14563 | Orc:2    | Killed Snorg
 14603 | Orc:2    | Noticed Erolcha
 14611 | Orc:2    | Killed Erolcha
 14707 | Orc:3    | Found a roughly hewn altar of Beogh.
 14826 | Orc:2    | Found Begav's Weapon Boutique.
 14854 | Orc:1    | Noticed Maurice
 14903 | Orc:3    | Paralysed by an orc sorcerer for 6 turns
 14962 | Orc:4    | Entered Level 4 of the Orcish Mines
 15030 | Orc:4    | Noticed Dangus' ghost (powerful GrFi)
 15050 | Orc:4    | Killed Dangus' ghost
 15260 | Orc:4    | Noticed an orc warlord
 15305 | Orc:4    | Killed an orc warlord
 15305 | Orc:4    | Reached skill level 5 in Dodging
 15432 | Orc:4    | Found a roughly hewn altar of Beogh.
 15515 | Orc:4    | Found Qawaawna's Book Emporium.
 15536 | Orc:4    | Found Psuy's Antique Armour Emporium.
 15543 | Orc:4    | Bought a pair of runed boots for 112 gold pieces
 15555 | Orc:4    | Found Smoi's Antique Weapon Emporium.
 15587 | Orc:4    | Bought a crude war axe for 289 gold pieces
 15621 | Orc:4    | Found Gaqeg's General Store.
 15627 | Orc:4    | Bought a potion of curing for 24 gold pieces
 15627 | Orc:4    | Bought a potion of curing for 24 gold pieces
 15627 | Orc:4    | Bought a scroll of identify for 24 gold pieces
 15633 | Orc:4    | Identified the amulet "Ciutreat" {Spirit +Blink +Inv} (You found it on level 8 of the Lair of Beasts)
 15736 | Orc:4    | Found Qeotreh's Distillery.
 15750 | Orc:4    | Bought a potion of haste for 77 gold pieces
 15750 | Orc:4    | Bought a potion of heal wounds for 33 gold pieces
 15750 | Orc:4    | Bought a potion of curing for 22 gold pieces
 15750 | Orc:4    | Bought a potion of curing for 22 gold pieces
 15750 | Orc:4    | Bought a potion of curing for 22 gold pieces
 15750 | Orc:4    | Bought a potion of curing for 22 gold pieces
 15750 | Orc:4    | Bought a potion of curing for 22 gold pieces
 16042 | Orc:3    | Found a staircase to the Elven Halls.
 16550 | D:11     | Identified a +6 rod of the swarm (10/10) (You found it on level 8 of the Lair of Beasts)
 16556 | D:11     | You paid a toll of 7 potions of haste to enter a treasure trove
 16557 | Trove    | Entered a treasure trove
 16570 | Trove    | Got a glittering brass ring
 16575 | Trove    | Identified the ring of Contention {rN+ Str+2 Dex+2 Int+5} (You found it in a treasure trove)
 16608 | Trove    | Got a pitted amethyst amulet
 16622 | Trove    | Identified the Compendium of Venomous Curses
 16705 | D:11     | Killed an unseen horror
 16769 | D:11     | Reached skill level 18 in Axes
 16796 | D:11     | Noticed a cyclops
 16804 | D:11     | Killed a cyclops
 16816 | D:11     | Identified the amulet "Klydus" {Inacc Stlth+} (You found it in a treasure trove)
 16824 | D:11     | Identified the +9 war axe of Prescription {drain, rC+} (You bought it in a shop on level 4 of the Orcish Mines)
 18646 | D:14     | Found Threguil's Antique Weapon Shoppe.
 18722 | D:14     | Found a sparkling altar of Nemelex Xobeh.
 18751 | D:14     | Reached XP level 15. HP: 138/138 MP: 16/16
 19220 | D:15     | Entered Level 15 of the Dungeon
 19636 | D:15     | Found a staircase to the Depths.
 20385 | Snake:1  | Entered Level 1 of the Snake Pit
 20446 | Snake:2  | Reached skill level 5 in Throwing
 20523 | Snake:2  | Learned a level 2 spell: Blink
 20526 | Snake:2  | Learned a level 2 spell: Repel Missiles
 20808 | Snake:1  | Reached skill level 1 in Translocations
 20820 | Snake:1  | Reached skill level 1 in Charms
 20964 | Snake:1  | Reached skill level 1 in Air Magic
 21013 | Snake:1  | Noticed Asterion
 21014 | Snake:1  | Noticed a spectral weapon
 21059 | Snake:1  | Killed Asterion
 21278 | Snake:1  | Noticed Urug
 21300 | Snake:1  | Killed Urug
 21662 | Snake:3  | Reached skill level 1 in Spellcasting
 21872 | Snake:3  | Noticed Saint Roka
 21988 | Snake:3  | Slain by a guardian serpent

Action                   |  1- 3 |  4- 6 |  7- 9 | 10-12 | 13-15 || total
-------------------------+-------+-------+-------+-------+-------++-------
Melee: War axe           |   122 |   234 |   543 |   358 |       ||  1257
       Executioner's axe |       |       |       |   712 |    75 ||   787
       Battleaxe         |       |       |       |       |  1590 ||  1590
 Fire: Blowgun           |       |    21 |    51 |    90 |    32 ||   194
Throw: Throwing net      |     1 |       |       |       |       ||     1
       Tomahawk          |       |       |     3 |       |       ||     3
       Javelin           |       |       |       |     1 |     9 ||    10
 Cast: Repel Missiles    |       |       |       |       |     1 ||     1
Invok: Lesser Servant of |       |       |       |     6 |     1 ||     7
       Greater Servant o |       |       |       |       |     6 ||     6
 Abil: Device Recharging |       |       |     5 |     5 |    10 ||    20
Evoke: Wand              |     1 |     4 |    11 |    42 |    59 ||   117
  Use: Scroll            |       |     7 |     8 |    26 |    17 ||    58
       Potion            |       |     1 |     3 |     2 |     5 ||    11
 Stab: Invisible         |       |       |       |     4 |     9 ||    13
       Distracted        |       |       |       |     1 |     7 ||     8
       Confused          |       |       |       |       |     1 ||     1
       Paralysed         |       |       |       |       |     4 ||     4
  Eat: Chunk             |       |     5 |     7 |     2 |     4 ||    18
       Bread ration      |       |       |     1 |     1 |     1 ||     3
       Fruit             |       |       |       |     6 |       ||     6
       Pizza             |       |       |       |     2 |     2 ||     4
       Royal jelly       |       |       |       |     6 |       ||     6
       Beef jerky        |       |       |       |     1 |       ||     1
       Meat ration       |       |       |       |       |     4 ||     4

Action                   |  1- 3 |  4- 6 |  7- 9 | 10-12 | 13-15 || total
-------------------------+-------+-------+-------+-------+-------++-------
Melee: War axe           |   122 |   234 |   543 |   358 |       ||  1257
       Executioner's axe |       |       |       |   712 |    75 ||   787
       Battleaxe         |       |       |       |       |  1590 ||  1590
 Fire: Blowgun           |       |    21 |    51 |    90 |    32 ||   194
Throw: Throwing net      |     1 |       |       |       |       ||     1
       Tomahawk          |       |       |     3 |       |       ||     3
       Javelin           |       |       |       |     1 |     9 ||    10
 Cast: Repel Missiles    |       |       |       |       |     1 ||     1
Invok: Lesser Servant of |       |       |       |     6 |     1 ||     7
       Greater Servant o |       |       |       |       |     6 ||     6
 Abil: Device Recharging |       |       |     5 |     5 |    10 ||    20
Evoke: Wand              |     1 |     4 |    11 |    42 |    59 ||   117
  Use: Scroll            |       |     7 |     8 |    26 |    17 ||    58
       Potion            |       |     1 |     3 |     2 |     5 ||    11
 Stab: Invisible         |       |       |       |     4 |     9 ||    13
       Distracted        |       |       |       |     1 |     7 ||     8
       Confused          |       |       |       |       |     1 ||     1
       Paralysed         |       |       |       |       |     4 ||     4
  Eat: Chunk             |       |     5 |     7 |     2 |     4 ||    18
       Bread ration      |       |       |     1 |     1 |     1 ||     3
       Fruit             |       |       |       |     6 |       ||     6
       Pizza             |       |       |       |     2 |     2 ||     4
       Royal jelly       |       |       |       |     6 |       ||     6
       Beef jerky        |       |       |       |     1 |       ||     1
       Meat ration       |       |       |       |       |     4 ||     4

Action                   |  1- 3 |  4- 6 |  7- 9 | 10-12 | 13-15 || total
-------------------------+-------+-------+-------+-------+-------++-------
Melee: War axe           |   122 |   234 |   543 |   358 |       ||  1257
       Executioner's axe |       |       |       |   712 |    75 ||   787
       Battleaxe         |       |       |       |       |  1590 ||  1590
 Fire: Blowgun           |       |    21 |    51 |    90 |    32 ||   194
Throw: Throwing net      |     1 |       |       |       |       ||     1
       Tomahawk          |       |       |     3 |       |       ||     3
       Javelin           |       |       |       |     1 |     9 ||    10
 Cast: Repel Missiles    |       |       |       |       |     1 ||     1
Invok: Lesser Servant of |       |       |       |     6 |     1 ||     7
       Greater Servant o |       |       |       |       |     6 ||     6
 Abil: Device Recharging |       |       |     5 |     5 |    10 ||    20
Evoke: Wand              |     1 |     4 |    11 |    42 |    59 ||   117
  Use: Scroll            |       |     7 |     8 |    26 |    17 ||    58
       Potion            |       |     1 |     3 |     2 |     5 ||    11
 Stab: Invisible         |       |       |       |     4 |     9 ||    13
       Distracted        |       |       |       |     1 |     7 ||     8
       Confused          |       |       |       |       |     1 ||     1
       Paralysed         |       |       |       |       |     4 ||     4
  Eat: Chunk             |       |     5 |     7 |     2 |     4 ||    18
       Bread ration      |       |       |     1 |     1 |     1 ||     3
       Fruit             |       |       |       |     6 |       ||     6
       Pizza             |       |       |       |     2 |     2 ||     4
       Royal jelly       |       |       |       |     6 |       ||     6
       Beef jerky        |       |       |       |     1 |       ||     1
       Meat ration       |       |       |       |       |     4 ||     4
